 Dungeon Crawl Stone Soup version 0.25.0-11-g1f837a76a1 (webtiles) character file.

Game seed: 2282230545692116978

13 Descartes the Scratcher (level 2, 0/12 HPs)
             Began as a Felid Transmuter on June 27, 2020.
             Slain by a leopard gecko (3 damage)
             ... on level 1 of the Dungeon.
             The game lasted 00:01:01 (619 turns).

Descartes the Scratcher (Felid Transmuter)           Turns: 619, Time: 00:01:02

Health: 0/12       AC:  1    Str:  6    XL:     2   Next: 24%
Magic:  6/6        EV: 18    Int: 14    God:
Gold:   12         SH:  0    Dex: 16    Spells: 4/5 levels left
                                        Lives:  0   Deaths: 0

rFire    . . .     SeeInvis +     - Unarmed
rCold    . . .     Gourm    .   (shield unavailable)
rNeg     . . .     Faith    .   (armour unavailable)
rPois    .         Spirit   .   (helmet unavailable)
rElec    .         Reflect  .   (cloak unavailable)
rCorr    .         Harm     .   (gloves unavailable)
MR       .....                  (boots unavailable)
Stlth    ++........             (no amulet)
HPRegen  0.04/turn              (no ring)
MPRegen  0.10/turn              (no ring)

@: quick
A: very small, no armour, no weapons or thrown items, stealth, claws 1, fangs 3,
see invisible, carnivore, speed 1, shaggy fur 1, slow metabolism 1, sharp paws
a: no special abilities


You were on level 1 of the Dungeon.
You were not hungry.

You visited 1 branch of the dungeon, and saw 1 of its levels.

You collected 12 gold pieces.

Inventory:

Missiles
 a - 12 arrows
 f - 2 stones
Scrolls
 b - a scroll of blinking {unknown}
Potions
 d - 2 potions of brilliance {unknown}
 e - a potion of stabbing {unknown}
Comestibles
 c - 2 rations


   Skills:
 - Level 1.0 Fighting
 - Level 2.6 Dodging
 * Level 1.7 Stealth
 * Level 3.3 Unarmed Combat
 - Level 2.0 Spellcasting
 + Level 2.4 Transmutations


You had 4 spell levels left.
You knew the following spells:

 Your Spells              Type           Power        Failure   Level  Hunger
a - Beastly Appendage     Tmut           #.....       9%          1    ##.....

Your spell library contained the following spells:

 Spells                   Type           Power        Failure   Level  Hunger
 Sticks to Snakes         Tmut           #.......     13%         2    ###....
 Spider Form              Tmut/Pois      #.........   41%         3    ####...
 Ice Form                 Ice/Tmut       #.......     82%         4    #####..
 Blade Hands              Tmut           #.........   94%         5    ######.


Dungeon Overview and Level Annotations

Branches:
Dungeon (1/15)

Altars:


Innate Abilities, Weirdness & Mutations

You cannot wear armour.
You are incapable of wielding weapons or throwing items.
Your paws allow you to move quietly. (Stealth)
You have sharp claws.
You have razor-sharp teeth.
You have supernaturally acute eyesight. (SInv)
You are carnivorous and can eat meat at any time.
You cover ground quickly.
You are covered in fur. (AC +1)
You have a slow metabolism.
Your sharp claws are effective at attacking unaware monsters.


Message History

The leopard gecko hisses angrily.
You scratch the frilled lizard but do no damage.
The frilled lizard bites you.
You closely miss the frilled lizard. You claw the frilled lizard.
You kill the frilled lizard!
A frilled lizard comes into view.
The leopard gecko barely misses you.
You see here a frilled lizard corpse.
You completely miss the leopard gecko. The leopard gecko bites you.
You scratch the leopard gecko but do no damage.
The leopard gecko closely misses you.
You closely miss the leopard gecko. The leopard gecko bites you.
* * * LOW HITPOINT WARNING * * *
You scratch the leopard gecko.
The leopard gecko is moderately wounded.
The leopard gecko completely misses you.
You scratch the leopard gecko.
The leopard gecko is almost dead.
The leopard gecko bites you.
You die...

#... ###...###
#.......############
......((...........#
........##########.#####
......#......)..........
.##.. #.##########.#####
## #.# #.# #@# #.# #l#
#.# .l. #.# ....# ...
##.... ####### ##...#
##≈≈≈≈≈ ....# #≈≈....
#.... #≈..≈≈≈ #..≈≈≈≈


You could see a leopard gecko and a frilled lizard.

Vanquished Creatures
  A dart slug (D:1)
  A leopard gecko (D:1)
  3 goblins (D:1)
  A hobgoblin (D:1)
  A frilled lizard (D:1)
  2 kobolds (D:1)
  A rat (D:1)
10 creatures vanquished.

Notes
Turn   | Place    | Note
-------+----------+-------------------------------------------
     0 | D:1      | Descartes the Felid Transmuter began the quest for the Orb.
     0 | D:1      | Reached XP level 1. HP: 9/9 MP: 4/4
   153 | D:1      | Reached skill level 1 in Stealth
   362 | D:1      | Reached XP level 2. HP: 5/12 MP: 6/6
   619 | D:1      | Slain by a leopard gecko

Illustrated notes

Levels and vault maps discovered:
D:1:      psy_arrival_whirlpool, layout_loops_ring, minmay_tetromino_l4

Skill      XL: |  1 |
---------------+----+-----
Stealth        | 1 |  1.7
Fighting       | |  1.0
Dodging        | |  2.6
Unarmed Combat | |  3.3
Spellcasting   | |  2.0
Transmutations | |  2.4

Action                   || total
-------------------------++-------
Melee: Unarmed           ||    35
       Bite              ||     3
       Punch             ||     1
 Stab: Sleeping          ||     2
  Eat: Chunk             ||     2
Dodge: Dodged            ||    18
